Capitals vs Sabres

Created - February 28, 2019 at 20:27

Goals
1 2 3 T
Capitals 1 0 2 3
Sabres 1 2 4 7
Shots
1 2 3 T
Capitals 7 5 14 26
Sabres 9 11 12 32

1st period

1. Sabres , Rob Scuderi 3 (Ilya Kovalchuk 30, Zach Bogosian 24) at 0:12
2. Capitals , David Krejci 6 (Mikko Koivu 23) at 19:36

Penalties :
Matt Carle (Was) for Hooking (Minor) at 10:53, Jason Pominville (Was) for Hooking (Minor) at 14:06

2nd period

3. Sabres , Brandon Sutter 12 (Darcy Hordichuk 8, Scottie Upshall 4) at 3:12
4. Sabres , Alexei Morozov 1 (Matt Martin 9, Jared Cowen 13) at 7:43

Penalties :
Brent Burns (Was) for Hooking (Minor) at 3:15, Ryan Getzlaf (Was) for Hooking (Minor) at 9:52, Joey Ryan (Was) for Hooking (Minor) at 16:19

3rd period

5. Sabres , Vincent Lecavalier 18 (Jared Cowen 14, Evander Kane 38) at 3:38
6. Sabres , Zack Kassian 19 (Jared Cowen 15, Zach Bogosian 25) at 5:37 (PP)
7. Sabres , Evander Kane 30 (Vincent Lecavalier 29) at 9:08
8. Capitals , Victor Hedman 7 (Ryan Getzlaf 31) at 14:39 (PP)
9. Sabres , Evander Kane 31 (Sean Monahan 1) at 17:20 (PP)
10. Capitals , Victor Hedman 8 (Ryan Getzlaf 32, Joe Pavelski 27) at 19:11

Penalties :
Christian Ehrhoff (Was) for Holding (Minor) at 5:26, Mathew Dumba (Buf) for Interference (Minor) at 14:19, Patrick Marleau (Was) for Interference (Minor) at 17:18

Goalie Stats

Mike Smith (Was), 7 saves from 9 shots - (0.778), 14:23 minutes
Tuukka Rask (Was), 18 saves from 23 shots - (0.783), L, 28-16-2, 45:37 minutes
Robin Lehner (Buf), 23 saves from 26 shots - (0.885), W, 26-14-3, 60:00 minutes

Players Stats for Capitals

Player Name              G  A  P  +/- PIM S  H  SB GA TA FO     MP     PP MP  PK MP  
------------------------------------------------------------------------------------
Blake Wheeler            0  0  0   0  0   2  0  2  0  1  0/1    10:59   0:00   0:00 
Brent Burns              0  0  0  -3  2   3  5  2  1  0  0/0    26:47   0:00   4:29 
Christian Ehrhoff        0  0  0  -3  2   4  0  3  2  0  0/0    27:24   0:00   5:31 
Dan Girardi              0  0  0   0  0   0  0  1  0  0  0/0    12:24   0:00   0:26 
David Krejci             1  0  1   1  0   2  2  0  0  0  2/4     8:22   0:00   0:47 
Jamie Benn               0  0  0   0  0   0  1  1  1  0  0/0    15:44   0:20   1:28 
Jason Pominville         0  0  0  -4  2   2  3  2  0  0  1/6    21:15   0:00   4:25 
Joe Pavelski             0  1  1   0  0   3  2  0  1  1  1/2    17:39   0:20   3:12 
Joe Thornton             0  0  0  -4  0   1  0  0  2  0  10/24  22:08   0:00   5:23 
Joey Ryan                0  0  0   0  2   0  0  1  0  0  0/0    14:13   0:00   2:06 
Matt Carle               0  0  0   0  2   3  0  3  0  1  0/0    19:03   0:20   3:18 
Mike Cammalleri          0  0  0  -4  0   0  0  0  1  0  2/2    20:01   0:00   3:12 
Mikko Koivu              0  1  1   0  0   2  0  0  2  0  2/6    10:59   0:00   0:00 
Patrick Marleau          0  0  0   0  2   0  1  1  0  0  1/2    12:53   0:00   1:49 
Ryan Getzlaf             0  2  2   0  2   2  1  0  0  0  2/12   14:22   0:20   0:00 
Scott Parse              0  0  0   1  0   0  1  0  0  0  0/0     7:35   0:00   0:00 
T.J. Oshie               0  0  0   1  0   0  1  0  0  0  0/0     7:35   0:00   0:00 
Victor Hedman            2  0  2   0  0   2  1  1  0  1  0/0    20:22   0:20   4:26 

Players Stats for Sabres

Player Name              G  A  P  +/- PIM S  H  SB GA TA FO     MP     PP MP  PK MP  
------------------------------------------------------------------------------------
Alexei Morozov           1  0  1   0  0   3  0  0  0  0  0/0    14:54   4:51   0:00 
Andrei Loktionov         0  0  0   0  0   1  1  0  1  0  7/15   20:58   4:38   0:00 
Brandon Sutter           1  0  1   1  0   4  0  1  0  1  3/8    10:31   0:24   0:20 
Darcy Hordichuk          0  1  1   1  0   0  0  1  0  0  1/1    10:19   0:21   0:00 
Darren Reid              0  0  0   2  0   1  3  0  0  0  1/1    14:32   0:24   0:20 
Evander Kane             2  1  3   2  0   4  4  1  0  1  0/0    18:48   4:51   0:00 
Ilya Kovalchuk           0  1  1   0  0   3  0  1  1  2  1/1    20:53   4:56   0:00 
Jakub Kindl              0  0  0   2  0   0  1  0  0  0  0/0    17:51   0:00   0:00 
Jared Cowen              0  3  3   2  0   1  4  0  0  3  0/0    23:49   5:15   0:20 
Mathew Dumba             0  0  0   1  2   1  1  1  0  1  0/0    16:47   4:53   0:00 
Matt Martin              0  1  1   0  0   0  2  0  0  0  0/0     9:40   0:00   0:00 
Michael Kostka           0  0  0   1  0   1  1  2  1  0  0/0    16:09   4:53   0:00 
Rob Scuderi              1  0  1   0  0   3  1  2  0  0  0/0    19:47   0:00   0:00 
Scottie Upshall          0  1  1   1  0   1  0  0  0  0  1/2     9:44   0:00   0:00 
Sean Monahan             0  1  1   0  0   1  0  0  1  0  9/12   14:46   5:06   0:00 
Vincent Lecavalier       1  1  2   2  0   4  0  0  0  1  13/16  13:45   0:00   0:00 
Zach Bogosian            0  2  2   0  0   1  2  3  0  1  0/0    25:36   5:15   0:20 
Zack Kassian             1  0  1   0  0   3  1  0  0  0  2/3    20:50   4:53   0:00 

3 Stars

1 - Evander Kane (Buf)
2 - Jared Cowen (Buf)
3 - Vincent Lecavalier (Buf)

Power Play

Capitals - 1 on 1 Attempt(s) - 100.00%
Sabres - 2 on 7 Attempt(s) - 28.57%

Penalty Kill

Capitals - 5 on 7 Attempt(s) - 71.43% - Score 0 goal in Penalty Kill
Sabres - 0 on 1 Attempt(s) - 0.00% - Score 0 goal in Penalty Kill

Team Stat

Capitals - Hits : 18 - Faceoff Wins : 21 - Blocked Shots : 17 - Penalty Minutes : 14
Sabres - Hits : 21 - Faceoff Wins : 38 - Blocked Shots : 12 - Penalty Minutes : 2

Official

Referees : Unknown
Linesman : Unknown

Game Notes

Mike Smith enters game at 5:37 of 3rd period

Finance

Level 1 -- Attendance: 6000 (100.00%) -- Ticket Income $516,000
Level 2 -- Attendance: 5000 (100.00%) -- Ticket Income $275,000
Level 3 -- Attendance: 2000 (100.00%) -- Ticket Income $58,000
Level 4 -- Attendance: 4000 (100.00%) -- Ticket Income $92,000
Luxury Box -- Attendance: 1000 (100.00%) -- Ticket Income $150,000
Game was played at the Duff Garden.
Total Attendance: 18000 (100.00%)
Total Ticket Income: $1,091,000
Other Income: $163,650
Total Income: $1,254,650

Capitals

5 vs 5 Forward 
   Center                   Left Wing                Right Wing               Time % Phy DF OF 
 1 Joe Thornton             Mike Cammalleri          Jason Pominville         40     1   2  2  
 2 Ryan Getzlaf             Jamie Benn               Joe Pavelski             30     1   2  2  
 3 Mikko Koivu              Patrick Marleau          Blake Wheeler            20     1   2  2  
 4 David Krejci             Scott Parse              T.J. Oshie               10     1   2  2  

5 vs 5 Defense 
   Defense                  Defense                                           Time % Phy DF OF 
 1 Brent Burns              Christian Ehrhoff                                 40     1   2  2  
 2 Victor Hedman            Matt Carle                                        30     1   2  2  
 3 Dan Girardi              Joey Ryan                                         20     1   2  2  
 4 Brent Burns              Christian Ehrhoff                                 10     1   2  2  

PowerPlay Forward 
   Center                   Left Wing                Right Wing               Time % Phy DF OF 
 1 Joe Thornton             Mike Cammalleri          Jason Pominville         60     1   2  2  
 2 Ryan Getzlaf             Jamie Benn               Joe Pavelski             40     1   2  2  

PowerPlay Defense
   Defense                  Defense                                           Time % Phy DF OF 
 1 Brent Burns              Christian Ehrhoff                                 60     1   2  2  
 2 Victor Hedman            Matt Carle                                        40     1   2  2  

Penalty Kill 4 Players Forward 
   Center                   Wing                     Time % Phy DF OF 
 1 Jason Pominville         Joe Thornton             60     1   2  2  
 2 Joe Pavelski             Mike Cammalleri          40     1   2  2  

Penalty Kill 4 Players Defense
   Defense                  Defense                  Time % Phy DF OF 
 1 Brent Burns              Christian Ehrhoff        60     1   2  2  
 2 Victor Hedman            Matt Carle               40     1   2  2  

Penalty Kill - 3 Players Forward 
   Forward                                           Time % Phy DF OF 
 1 Jason Pominville                                  60     1   2  2  
 2 Joe Thornton                                      40     1   2  2  

Penalty Kill - 3 Players Defense
   Defense                  Defense                  Time % Phy DF OF 
 1 Brent Burns              Christian Ehrhoff        60     1   2  2  
 2 Victor Hedman            Matt Carle               40     1   2  2  

4 vs 4 Forward 
   Center                   Wing                     Time % Phy DF OF 
 1 Jason Pominville         Joe Thornton             60     1   2  2  
 2 Joe Pavelski             Mike Cammalleri          40     1   2  2  

4 vs 4 Defense
   Defense                  Defense                  Time % Phy DF OF 
 1 Brent Burns              Christian Ehrhoff        60     1   2  2  
 2 Victor Hedman            Matt Carle               40     1   2  2  

Last Minutes Offensive
   Center                   Left Wing                Right Wing               Defense                  Defense                  
   Joe Thornton             Mike Cammalleri          Jason Pominville         Brent Burns              Christian Ehrhoff        

Last Minutes Defensive
   Center                   Left Wing                Right Wing               Defense                  Defense                  
   Joe Thornton             Mike Cammalleri          Jason Pominville         Brent Burns              Christian Ehrhoff        

Goaltenders
Starting : Tuukka Rask              
Backup : Mike Smith               

Extra Forwards
Normal : Blake Wheeler, Mikko Koivu, Patrick Marleau - PP : Blake Wheeler, Mikko Koivu - PK : Patrick Marleau
Extra Defensemen
Normal : Dan Girardi, Joey Ryan, Victor Hedman - PP : Dan Girardi - PK : Joey Ryan, Victor Hedman
Penalty Shots
Jason Pominville, Joe Thornton, Joe Pavelski, Mike Cammalleri, Blake Wheeler

Scratches
Ondrej Palat (Head Injury)

Sabres

5 vs 5 Forward 
   Center                   Left Wing                Right Wing               Time % Phy DF OF 
 1 Andrei Loktionov         Ilya Kovalchuk           Zack Kassian             34     0   1  4  
 2 Vincent Lecavalier       Evander Kane             Darren Reid              32     0   1  4  
 3 Sean Monahan             Matt Martin              Alexei Morozov           19     1   2  2  
 4 Brandon Sutter           Darcy Hordichuk          Scottie Upshall          15     1   2  2  

5 vs 5 Defense 
   Defense                  Defense                                           Time % Phy DF OF 
 1 Rob Scuderi              Zach Bogosian                                     41     2   2  1  
 2 Jakub Kindl              Jared Cowen                                       35     1   3  1  
 3 Michael Kostka           Mathew Dumba                                      24     1   4  0  
 4 Michael Kostka           Mathew Dumba                                      0      1   4  0  

PowerPlay Forward 
   Center                   Left Wing                Right Wing               Time % Phy DF OF 
 1 Sean Monahan             Ilya Kovalchuk           Zack Kassian             53     0   0  5  
 2 Andrei Loktionov         Evander Kane             Alexei Morozov           47     1   0  4  

PowerPlay Defense
   Defense                  Defense                                           Time % Phy DF OF 
 1 Zach Bogosian            Jared Cowen                                       53     0   1  4  
 2 Michael Kostka           Mathew Dumba                                      47     1   1  3  

Penalty Kill 4 Players Forward 
   Center                   Wing                     Time % Phy DF OF 
 1 Brandon Sutter           Darren Reid              55     1   4  0  
 2 Vincent Lecavalier       Ilya Kovalchuk           45     1   4  0  

Penalty Kill 4 Players Defense
   Defense                  Defense                  Time % Phy DF OF 
 1 Jared Cowen              Zach Bogosian            55     1   4  0  
 2 Mathew Dumba             Michael Kostka           45     1   4  0  

Penalty Kill - 3 Players Forward 
   Forward                                           Time % Phy DF OF 
 1 Brandon Sutter                                    60     0   5  0  
 2 Scottie Upshall                                   40     0   5  0  

Penalty Kill - 3 Players Defense
   Defense                  Defense                  Time % Phy DF OF 
 1 Rob Scuderi              Jared Cowen              60     1   4  0  
 2 Mathew Dumba             Zach Bogosian            40     1   4  0  

4 vs 4 Forward 
   Center                   Wing                     Time % Phy DF OF 
 1 Vincent Lecavalier       Darren Reid              50     0   2  3  
 2 Andrei Loktionov         Scottie Upshall          50     0   1  4  

4 vs 4 Defense
   Defense                  Defense                  Time % Phy DF OF 
 1 Michael Kostka           Jared Cowen              50     0   4  1  
 2 Mathew Dumba             Rob Scuderi              50     0   4  1  

Last Minutes Offensive
   Center                   Left Wing                Right Wing               Defense                  Defense                  
   Andrei Loktionov         Evander Kane             Zack Kassian             Zach Bogosian            Jared Cowen              

Last Minutes Defensive
   Center                   Left Wing                Right Wing               Defense                  Defense                  
   Brandon Sutter           Evander Kane             Zack Kassian             Zach Bogosian            Jared Cowen              

Goaltenders
Starting : Robin Lehner             
Backup : Jonas Hiller             

Extra Forwards
Normal : Brandon Sutter, Andrei Loktionov, Sean Monahan - PP : Ilya Kovalchuk, Sean Monahan - PK : Brandon Sutter
Extra Defensemen
Normal : Zach Bogosian, Jared Cowen, Mathew Dumba - PP : Zach Bogosian - PK : Rob Scuderi, Jared Cowen
Penalty Shots
Evander Kane, Vincent Lecavalier, Sean Monahan, Zack Kassian, Scottie Upshall

Scratches
Brad Richardson (Healthy), Michael Frolik (Sore Left Knee Injury)

% Time on Ice - Capitals

Lines # - Real PCT - Wanted PCT - Time Play
Normal Forward
1 - 34% - 40% - 16:51
2 - 28% - 30% - 14:07
3 - 22% - 20% - 10:59
4 - 15% - 10% - 7:35
Normal Defense
1 - 41% - 40% - 20:13
2 - 31% - 30% - 15:34
3 - 24% - 20% - 11:39
4 - 4% - 10% - 2:06
PP Forward
1 - 0% - 60% - 0:00
2 - 100% - 40% - 0:20
PP Defense
1 - 0% - 60% - 0:00
2 - 100% - 40% - 0:20
PK Forward
1 - 68% - 60% - 6:56
2 - 32% - 40% - 3:12
PK Defense
1 - 58% - 60% - 5:50
2 - 42% - 40% - 4:18
PK3 Forward
1 - 0% - 60%
2 - 0% - 40%
PK3 Defense
1 - 0% - 60%
2 - 0% - 40%
44 Forward
1 - 0% - 60%
2 - 0% - 40%
44 Defense
1 - 0% - 60%
2 - 0% - 40%
Last Minute Offensive  - 0:00
Last Minute Defensive  - 0:00
Total
Forward - 60:00
Defense - 60:00

% Time on Ice - Sabres

Lines # - Real PCT - Wanted PCT - Time Play
Normal Forward
1 - 32% - 34% - 16:00
2 - 29% - 32% - 14:08
3 - 20% - 19% - 9:40
4 - 20% - 15% - 9:44
Normal Defense
1 - 42% - 41% - 20:53
2 - 35% - 35% - 17:34
3 - 22% - 24% - 10:50
4 - 1% - 0% - 0:15
PP Forward
1 - 52% - 53% - 5:17
2 - 48% - 47% - 4:51
PP Defense
1 - 52% - 53% - 5:15
2 - 48% - 47% - 4:53
PK Forward
1 - 100% - 55% - 0:20
2 - 0% - 45% - 0:00
PK Defense
1 - 100% - 55% - 0:20
2 - 0% - 45% - 0:00
PK3 Forward
1 - 0% - 60%
2 - 0% - 40%
PK3 Defense
1 - 0% - 60%
2 - 0% - 40%
44 Forward
1 - 0% - 50%
2 - 0% - 50%
44 Defense
1 - 0% - 50%
2 - 0% - 50%
Last Minute Offensive  - 0:00
Last Minute Defensive  - 0:00
Total
Forward - 60:00
Defense - 60:00

Play-by-Play

1st period


0:01 of 1st period - Andrei Loktionov wins face-off versus Joe Thornton in neutral zone.
0:04 of 1st period - Snap shot by Ilya Kovalchuk.
0:04 of 1st period - Stopped by Tuukka Rask with a rebound.
0:06 of 1st period - Slapshot by Zach Bogosian.
0:06 of 1st period - Shot Misses the Net.
0:08 of 1st period - Slapshot by Rob Scuderi.
0:08 of 1st period - Stopped by Tuukka Rask with a rebound.
0:10 of 1st period - Backhand shot by Ilya Kovalchuk.
0:10 of 1st period - Shot Blocked by Christian Ehrhoff.
0:12 of 1st period - Slapshot by Rob Scuderi.
0:12 of 1st period - Goal by Rob Scuderi - Capitals : 0 - Sabres : 1.
0:13 of 1st period - Vincent Lecavalier wins face-off versus Ryan Getzlaf in neutral zone.
0:35 of 1st period - Icing by Victor Hedman.
0:36 of 1st period - Sean Monahan wins face-off versus Mikko Koivu in Capitals zone.
0:37 of 1st period - Snap shot by Alexei Morozov.
0:37 of 1st period - Stopped by Tuukka Rask without a rebound.
0:38 of 1st period - Sean Monahan wins face-off versus Mikko Koivu in Capitals zone.
1:56 of 1st period - Wrist shot by David Krejci.
1:56 of 1st period - Shot Blocked by Rob Scuderi.
3:18 of 1st period - Joey Ryan is hit by Evander Kane.
3:22 of 1st period - Snap shot by Mike Cammalleri.
3:22 of 1st period - Shot Misses the Net.
3:34 of 1st period - Matt Martin is hit by Scott Parse and loses puck.
3:41 of 1st period - Scott Parse is hit by Matt Martin and loses puck.
4:02 of 1st period - Wrist shot by Blake Wheeler.
4:02 of 1st period - Shot Hit the Post.
4:16 of 1st period - Slapshot by Jamie Benn.
4:16 of 1st period - Shot Blocked by Michael Kostka.
4:18 of 1st period - Snap shot by Brent Burns.
4:18 of 1st period - Stopped by Robin Lehner with a rebound.
4:30 of 1st period - Christian Ehrhoff is hit by Darren Reid and loses puck.
4:51 of 1st period - Snap shot by David Krejci.
4:51 of 1st period - Shot Blocked by Zach Bogosian.
4:53 of 1st period - Wrist shot by Christian Ehrhoff.
4:53 of 1st period - Stopped by Robin Lehner without a rebound.
4:54 of 1st period - Andrei Loktionov wins face-off versus David Krejci in Sabres zone.
5:03 of 1st period - Wrist shot by Zack Kassian.
5:03 of 1st period - Shot Misses the Net.
5:23 of 1st period - Snap shot by Sean Monahan.
5:23 of 1st period - Shot Blocked by Matt Carle.
5:25 of 1st period - Slapshot by Rob Scuderi.
5:25 of 1st period - Shot Misses the Net.
6:07 of 1st period - Backhand shot by Ilya Kovalchuk.
6:07 of 1st period - Stopped by Tuukka Rask without a rebound.
6:08 of 1st period - Ryan Getzlaf wins face-off versus Andrei Loktionov in Capitals zone.
6:57 of 1st period - Mike Cammalleri is hit by Jared Cowen and loses puck.
7:18 of 1st period - Rob Scuderi is hit by T.J. Oshie and loses puck.
7:48 of 1st period - Michael Kostka is hit by Brent Burns and loses puck.
8:01 of 1st period - Blake Wheeler is hit by Andrei Loktionov and loses puck.
8:21 of 1st period - Slapshot by Zach Bogosian.
8:21 of 1st period - Deflect By Darcy Hordichuk.
8:21 of 1st period - Shot Hit the Post.
8:21 of 1st period - Puck is out of play.
8:22 of 1st period - Joe Thornton wins face-off versus Brandon Sutter in Capitals zone.
8:49 of 1st period - Wrist shot by Vincent Lecavalier.
8:49 of 1st period - Shot Misses the Net.
8:51 of 1st period - Snap shot by Darren Reid.
8:51 of 1st period - Stopped by Tuukka Rask without a rebound.
8:52 of 1st period - Andrei Loktionov wins face-off versus Ryan Getzlaf in Capitals zone.
8:53 of 1st period - Snap shot by Ilya Kovalchuk.
8:53 of 1st period - Shot Misses the Net.
9:22 of 1st period - Icing by Rob Scuderi.
9:23 of 1st period - Vincent Lecavalier wins face-off versus Joe Thornton in Sabres zone.
9:23 of 1st period - Vincent Lecavalier is hit by Jason Pominville.
9:50 of 1st period - Wrist shot by David Krejci.
9:50 of 1st period - Shot Misses the Net.
9:52 of 1st period - Slapshot by Christian Ehrhoff.
9:52 of 1st period - Stopped by Robin Lehner without a rebound.
9:53 of 1st period - David Krejci wins face-off versus Andrei Loktionov in Sabres zone.
10:53 of 1st period - Minor Penalty to Matt Carle for Hooking.
10:54 of 1st period - Jason Pominville wins face-off versus Sean Monahan in Capitals zone.
11:40 of 1st period - Ilya Kovalchuk is hit by Jason Pominville and loses puck.
12:05 of 1st period - Wrist shot by Joe Pavelski.
12:05 of 1st period - Stopped by Robin Lehner without a rebound.
12:06 of 1st period - Patrick Marleau wins face-off versus Sean Monahan in Sabres zone.
12:53 of 1st period - Penalty to Matt Carle is over, Matt Carle is back on ice.
13:11 of 1st period - Slapshot by Blake Wheeler.
13:11 of 1st period - Stopped by Robin Lehner without a rebound.
13:12 of 1st period - Scottie Upshall wins face-off versus Mikko Koivu in Sabres zone.
13:19 of 1st period - Slapshot by Zach Bogosian.
13:19 of 1st period - Shot Blocked by Blake Wheeler.
13:21 of 1st period - Slapshot by Rob Scuderi.
13:21 of 1st period - Stopped by Tuukka Rask without a rebound.
13:22 of 1st period - Joe Pavelski wins face-off versus Brandon Sutter in Capitals zone.
13:29 of 1st period - Slapshot by Ryan Getzlaf.
13:29 of 1st period - Deflect By Joe Pavelski.
13:29 of 1st period - Stopped by Robin Lehner with a rebound.
13:41 of 1st period - Slapshot by Zach Bogosian.
13:41 of 1st period - Shot Blocked by Christian Ehrhoff.
13:43 of 1st period - Snap shot by Rob Scuderi.
13:43 of 1st period - Shot Blocked by Jamie Benn.
13:45 of 1st period - Slapshot by Zach Bogosian.
13:45 of 1st period - Shot Misses the Net.
13:47 of 1st period - Snap shot by Rob Scuderi.
13:47 of 1st period - Shot Blocked by Brent Burns.
14:03 of 1st period - Slapshot by Darcy Hordichuk.
14:03 of 1st period - Deflect By Scottie Upshall.
14:03 of 1st period - Stopped by Tuukka Rask without a rebound.
14:04 of 1st period - Mike Cammalleri wins face-off versus Andrei Loktionov in Capitals zone.
14:06 of 1st period - Minor Penalty to Jason Pominville for Hooking.
14:07 of 1st period - Sean Monahan wins face-off versus Patrick Marleau in Capitals zone.
14:07 of 1st period - Wrist shot by Ilya Kovalchuk.
14:07 of 1st period - Shot Blocked by Patrick Marleau.
14:09 of 1st period - Slapshot by Zach Bogosian.
14:09 of 1st period - Stopped by Tuukka Rask with a rebound.
14:33 of 1st period - Alexei Morozov is hit by Brent Burns and loses puck.
16:02 of 1st period - Alexei Morozov is hit by Joe Pavelski and loses puck.
16:06 of 1st period - Penalty to Jason Pominville is over, Jason Pominville is back on ice.
16:14 of 1st period - Off-side.
16:15 of 1st period - Mikko Koivu wins face-off versus Brandon Sutter in neutral zone.
16:24 of 1st period - Backhand shot by Darcy Hordichuk.
16:24 of 1st period - Shot Misses the Net.
16:26 of 1st period - Slapshot by Jakub Kindl.
16:26 of 1st period - Shot Misses the Net.
16:28 of 1st period - Snap shot by Darcy Hordichuk.
16:28 of 1st period - Shot Misses the Net.
19:03 of 1st period - Joey Ryan is hit by Evander Kane and loses puck.
19:20 of 1st period - Snap shot by Mikko Koivu.
19:20 of 1st period - Shot Blocked by Rob Scuderi.
19:36 of 1st period - Snap shot by David Krejci.
19:36 of 1st period - Goal by David Krejci - Capitals : 1 - Sabres : 1.
19:37 of 1st period - Joe Thornton wins face-off versus Andrei Loktionov in neutral zone.
Goals for this period are 1 for Capitals vs 1 for Sabres.
Shots for this period are 7 for Capitals vs 9 for Sabres.

2nd period


0:01 of 2nd period - Joe Thornton wins face-off versus Andrei Loktionov in neutral zone.
0:30 of 2nd period - Snap shot by Evander Kane.
0:30 of 2nd period - Deflect By Vincent Lecavalier.
0:30 of 2nd period - Stopped by Tuukka Rask without a rebound.
0:31 of 2nd period - Vincent Lecavalier wins face-off versus Ryan Getzlaf in Capitals zone.
1:06 of 2nd period - Off-side.
1:07 of 2nd period - Vincent Lecavalier wins face-off versus Joe Thornton in neutral zone.
1:12 of 2nd period - Slapshot by Jakub Kindl.
1:12 of 2nd period - Shot Blocked by Jason Pominville.
1:20 of 2nd period - Snap shot by Vincent Lecavalier.
1:20 of 2nd period - Shot Hit the Post.
1:22 of 2nd period - Slapshot by Jared Cowen.
1:22 of 2nd period - Stopped by Tuukka Rask without a rebound.
1:23 of 2nd period - Andrei Loktionov wins face-off versus Ryan Getzlaf in Capitals zone.
2:33 of 2nd period - Andrei Loktionov is hit by David Krejci and loses puck.
2:52 of 2nd period - Slapshot by Brandon Sutter.
2:52 of 2nd period - Shot Blocked by Victor Hedman.
2:54 of 2nd period - Wrist shot by Darcy Hordichuk.
2:54 of 2nd period - Deflect By Brandon Sutter.
2:54 of 2nd period - Deflect By Jamie Benn.
2:54 of 2nd period - Stopped by Tuukka Rask without a rebound.
2:55 of 2nd period - Darcy Hordichuk wins face-off versus Ryan Getzlaf in Capitals zone.
2:56 of 2nd period - Wrist shot by Brandon Sutter.
2:56 of 2nd period - Stopped by Tuukka Rask with a rebound.
3:12 of 2nd period - Slapshot by Brandon Sutter.
3:12 of 2nd period - Deflect By Joe Pavelski.
3:12 of 2nd period - Goal by Brandon Sutter - Capitals : 1 - Sabres : 2.
3:13 of 2nd period - Joe Thornton wins face-off versus Andrei Loktionov in neutral zone.
3:15 of 2nd period - Minor Penalty to Brent Burns for Hooking.
3:16 of 2nd period - Sean Monahan wins face-off versus Jason Pominville in Capitals zone.
5:15 of 2nd period - Penalty to Brent Burns is over, Brent Burns is back on ice.
5:27 of 2nd period - David Krejci is hit by Jared Cowen.
5:33 of 2nd period - Snap shot by David Krejci.
5:33 of 2nd period - Stopped by Robin Lehner with a rebound.
6:31 of 2nd period - Wrist shot by Joe Thornton.
6:31 of 2nd period - Shot Misses the Net.
6:33 of 2nd period - Slapshot by Brent Burns.
6:33 of 2nd period - Shot Misses the Net.
6:35 of 2nd period - Wrist shot by Jason Pominville.
6:35 of 2nd period - Stopped by Robin Lehner without a rebound.
6:36 of 2nd period - Vincent Lecavalier wins face-off versus David Krejci in Sabres zone.
7:06 of 2nd period - Wrist shot by Joe Thornton.
7:06 of 2nd period - Shot Misses the Net.
7:08 of 2nd period - Slapshot by Christian Ehrhoff.
7:08 of 2nd period - Stopped by Robin Lehner without a rebound.
7:09 of 2nd period - Andrei Loktionov wins face-off versus Joe Pavelski in Sabres zone.
7:34 of 2nd period - Brent Burns is hit by Matt Martin and loses puck.
7:41 of 2nd period - Snap shot by Matt Martin.
7:41 of 2nd period - Shot Misses the Net.
7:43 of 2nd period - Wrist shot by Alexei Morozov.
7:43 of 2nd period - Goal by Alexei Morozov - Capitals : 1 - Sabres : 3.
7:44 of 2nd period - Zack Kassian wins face-off versus Joe Thornton in neutral zone.
7:58 of 2nd period - Snap shot by Andrei Loktionov.
7:58 of 2nd period - Stopped by Tuukka Rask with a rebound.
8:10 of 2nd period - Ryan Getzlaf is hit by Darren Reid.
8:16 of 2nd period - Snap shot by Ryan Getzlaf.
8:16 of 2nd period - Shot Misses the Net.
9:35 of 2nd period - Snap shot by Sean Monahan.
9:35 of 2nd period - Stopped by Tuukka Rask with a rebound.
9:37 of 2nd period - Slapshot by Michael Kostka.
9:37 of 2nd period - Stopped by Tuukka Rask without a rebound.
9:38 of 2nd period - Ryan Getzlaf wins face-off versus Sean Monahan in Capitals zone.
9:43 of 2nd period - Slapshot by Brent Burns.
9:43 of 2nd period - Shot Misses the Net.
9:52 of 2nd period - Minor Penalty to Ryan Getzlaf for Hooking.
9:53 of 2nd period - Sean Monahan wins face-off versus Jason Pominville in Capitals zone.
11:07 of 2nd period - Alexei Morozov is hit by Victor Hedman and loses puck.
11:52 of 2nd period - Penalty to Ryan Getzlaf is over, Ryan Getzlaf is back on ice.
11:54 of 2nd period - Slapshot by Joe Pavelski.
11:54 of 2nd period - Shot Misses the Net.
11:56 of 2nd period - Slapshot by Matt Carle.
11:56 of 2nd period - Stopped by Robin Lehner with a rebound.
11:58 of 2nd period - Wrist shot by Ryan Getzlaf.
11:58 of 2nd period - Shot Blocked by Michael Kostka.
12:00 of 2nd period - Slapshot by Victor Hedman.
12:00 of 2nd period - Shot Misses the Net.
12:02 of 2nd period - Slapshot by Ryan Getzlaf.
12:02 of 2nd period - Deflect By Joe Pavelski.
12:02 of 2nd period - Shot Blocked by Evander Kane.
12:02 of 2nd period - Puck is out of play.
12:03 of 2nd period - Mikko Koivu wins face-off versus Scottie Upshall in Sabres zone.
12:06 of 2nd period - Wrist shot by Mikko Koivu.
12:06 of 2nd period - Shot Misses the Net.
12:18 of 2nd period - Backhand shot by Mikko Koivu.
12:18 of 2nd period - Shot Blocked by Darcy Hordichuk.
12:30 of 2nd period - Scott Parse is hit by Mathew Dumba and loses puck.
12:41 of 2nd period - Wrist shot by Andrei Loktionov.
12:41 of 2nd period - Shot Blocked by Joey Ryan.
13:53 of 2nd period - Snap shot by Vincent Lecavalier.
13:53 of 2nd period - Deflect By Evander Kane.
13:53 of 2nd period - Stopped by Tuukka Rask without a rebound.
13:54 of 2nd period - Joe Thornton wins face-off versus Brandon Sutter in Capitals zone.
13:58 of 2nd period - Off-side.
13:59 of 2nd period - Brandon Sutter wins face-off versus Joe Thornton in neutral zone.
15:11 of 2nd period - Snap shot by Matt Martin.
15:11 of 2nd period - Shot Blocked by Christian Ehrhoff.
15:28 of 2nd period - Slapshot by Joe Thornton.
15:28 of 2nd period - Stopped by Robin Lehner without a rebound.
15:29 of 2nd period - Ilya Kovalchuk wins face-off versus Joe Thornton in Sabres zone.
15:38 of 2nd period - Wrist shot by Ilya Kovalchuk.
15:38 of 2nd period - Stopped by Tuukka Rask with a rebound.
16:19 of 2nd period - Minor Penalty to Joey Ryan for Hooking.
16:20 of 2nd period - Andrei Loktionov wins face-off versus Jason Pominville in Capitals zone.
16:24 of 2nd period - Backhand shot by Evander Kane.
16:24 of 2nd period - Shot Misses the Net.
17:47 of 2nd period - Mike Cammalleri is hit by Evander Kane and loses puck.
18:19 of 2nd period - Penalty to Joey Ryan is over, Joey Ryan is back on ice.
19:08 of 2nd period - Jakub Kindl is hit by David Krejci and loses puck.
19:28 of 2nd period - Blake Wheeler is hit by Zach Bogosian and loses puck.
Goals for this period are 0 for Capitals vs 2 for Sabres.
Shots for this period are 5 for Capitals vs 11 for Sabres.

3rd period


0:01 of 3rd period - Joe Thornton wins face-off versus Vincent Lecavalier in neutral zone.
0:04 of 3rd period - Vincent Lecavalier is hit by Brent Burns and loses puck.
1:34 of 3rd period - Wrist shot by T.J. Oshie.
1:34 of 3rd period - Shot Blocked by Brandon Sutter.
1:36 of 3rd period - Slapshot by Matt Carle.
1:36 of 3rd period - Stopped by Robin Lehner with a rebound.
1:38 of 3rd period - Snap shot by David Krejci.
1:38 of 3rd period - Shot Misses the Net.
1:52 of 3rd period - Slapshot by Joe Pavelski.
1:52 of 3rd period - Shot Misses the Net.
2:32 of 3rd period - Vincent Lecavalier is hit by Patrick Marleau.
2:36 of 3rd period - Snap shot by Mikko Koivu.
2:36 of 3rd period - Deflect By Blake Wheeler.
2:36 of 3rd period - Stopped by Robin Lehner with a rebound.
2:38 of 3rd period - Slapshot by Christian Ehrhoff.
2:38 of 3rd period - Deflect By Evander Kane.
2:38 of 3rd period - Stopped by Robin Lehner with a rebound.
2:40 of 3rd period - Backhand shot by Brent Burns.
2:40 of 3rd period - Stopped by Robin Lehner without a rebound.
2:41 of 3rd period - Sean Monahan wins face-off versus Joe Thornton in Sabres zone.
3:02 of 3rd period - Icing by Alexei Morozov.
3:03 of 3rd period - Sean Monahan wins face-off versus Ryan Getzlaf in Sabres zone.
3:03 of 3rd period - Sean Monahan is hit by Joe Pavelski.
3:34 of 3rd period - Wrist shot by Vincent Lecavalier.
3:34 of 3rd period - Stopped by Tuukka Rask with a rebound.
3:36 of 3rd period - Snap shot by Jared Cowen.
3:36 of 3rd period - Shot Blocked by Matt Carle.
3:38 of 3rd period - Snap shot by Vincent Lecavalier.
3:38 of 3rd period - Goal by Vincent Lecavalier - Capitals : 1 - Sabres : 4.
3:39 of 3rd period - Vincent Lecavalier wins face-off versus Joe Thornton in neutral zone.
4:04 of 3rd period - Christian Ehrhoff is hit by Michael Kostka and loses puck.
4:58 of 3rd period - Slapshot by Jason Pominville.
4:58 of 3rd period - Stopped by Robin Lehner with a rebound.
5:06 of 3rd period - Evander Kane is hit by Jason Pominville and loses puck.
5:16 of 3rd period - Off-side.
5:17 of 3rd period - David Krejci wins face-off versus Brandon Sutter in neutral zone.
5:26 of 3rd period - Minor Penalty to Christian Ehrhoff for Holding.
5:27 of 3rd period - Sean Monahan wins face-off versus Jason Pominville in Capitals zone.
5:29 of 3rd period - Snap shot by Ilya Kovalchuk.
5:29 of 3rd period - Shot Misses the Net.
5:31 of 3rd period - Wrist shot by Zack Kassian.
5:31 of 3rd period - Shot Misses the Net.
5:33 of 3rd period - Slapshot by Zach Bogosian.
5:33 of 3rd period - Shot Blocked by Brent Burns.
5:35 of 3rd period - Slapshot by Jared Cowen.
5:35 of 3rd period - Shot Blocked by Jason Pominville.
5:37 of 3rd period - Slapshot by Zack Kassian.
5:37 of 3rd period - Goal by Zack Kassian - Capitals : 1 - Sabres : 5.
5:37 of 3rd period - Mike Smith enters game.
5:38 of 3rd period - Joe Thornton wins face-off versus Andrei Loktionov in neutral zone.
5:53 of 3rd period - Snap shot by Andrei Loktionov.
5:53 of 3rd period - Shot Misses the Net.
6:07 of 3rd period - Joe Pavelski is hit by Evander Kane and loses puck.
6:32 of 3rd period - Wrist shot by Sean Monahan.
6:32 of 3rd period - Shot Blocked by Matt Carle.
6:34 of 3rd period - Slapshot by Zach Bogosian.
6:34 of 3rd period - Shot Blocked by Blake Wheeler.
6:36 of 3rd period - Slapshot by Sean Monahan.
6:36 of 3rd period - Shot Misses the Net.
6:47 of 3rd period - Victor Hedman is hit by Jakub Kindl and loses puck.
7:06 of 3rd period - Joey Ryan is hit by Jared Cowen and loses puck.
7:17 of 3rd period - Wrist shot by Vincent Lecavalier.
7:17 of 3rd period - Deflect By Evander Kane.
7:17 of 3rd period - Stopped by Mike Smith with a rebound.
7:19 of 3rd period - Wrist shot by Darren Reid.
7:19 of 3rd period - Shot Misses the Net.
7:39 of 3rd period - Snap shot by Matt Martin.
7:39 of 3rd period - Shot Hit the Post.
7:41 of 3rd period - Slapshot by Sean Monahan.
7:41 of 3rd period - Shot Misses the Net.
8:03 of 3rd period - Wrist shot by Ryan Getzlaf.
8:03 of 3rd period - Stopped by Robin Lehner without a rebound.
8:04 of 3rd period - Vincent Lecavalier wins face-off versus Blake Wheeler in Sabres zone.
8:29 of 3rd period - Andrei Loktionov is hit by Brent Burns and loses puck.
8:38 of 3rd period - Ryan Getzlaf is hit by Zack Kassian.
9:02 of 3rd period - Snap shot by Brandon Sutter.
9:02 of 3rd period - Stopped by Mike Smith without a rebound.
9:03 of 3rd period - Vincent Lecavalier wins face-off versus Joe Thornton in Capitals zone.
9:08 of 3rd period - Snap shot by Evander Kane.
9:08 of 3rd period - Goal by Evander Kane - Capitals : 1 - Sabres : 6.
9:09 of 3rd period - Joe Thornton wins face-off versus Andrei Loktionov in neutral zone.
9:34 of 3rd period - Jamie Benn is hit by Jared Cowen and loses puck.
9:43 of 3rd period - Wrist shot by Vincent Lecavalier.
9:43 of 3rd period - Stopped by Mike Smith with a rebound.
10:03 of 3rd period - Slapshot by Alexei Morozov.
10:03 of 3rd period - Stopped by Mike Smith with a rebound.
10:05 of 3rd period - Slapshot by Mathew Dumba.
10:05 of 3rd period - Stopped by Mike Smith with a rebound.
10:07 of 3rd period - Slapshot by Mathew Dumba.
10:07 of 3rd period - Shot Misses the Net.
10:38 of 3rd period - Backhand shot by Blake Wheeler.
10:38 of 3rd period - Shot Misses the Net.
10:40 of 3rd period - Slapshot by Mikko Koivu.
10:40 of 3rd period - Stopped by Robin Lehner without a rebound.
10:41 of 3rd period - Brandon Sutter wins face-off versus Joe Thornton in Sabres zone.
11:31 of 3rd period - Wrist shot by Ilya Kovalchuk.
11:31 of 3rd period - Shot Misses the Net.
11:33 of 3rd period - Slapshot by Andrei Loktionov.
11:33 of 3rd period - Shot Blocked by Dan Girardi.
11:35 of 3rd period - Slapshot by Zack Kassian.
11:35 of 3rd period - Shot Misses the Net.
12:40 of 3rd period - Wrist shot by Joe Pavelski.
12:40 of 3rd period - Shot Misses the Net.
12:42 of 3rd period - Snap shot by Ryan Getzlaf.
12:42 of 3rd period - Shot Blocked by Mathew Dumba.
12:44 of 3rd period - Snap shot by Matt Carle.
12:44 of 3rd period - Deflect By Brandon Sutter.
12:44 of 3rd period - Stopped by Robin Lehner without a rebound.
12:45 of 3rd period - Andrei Loktionov wins face-off versus Joe Thornton in Sabres zone.
13:29 of 3rd period - Wrist shot by Sean Monahan.
13:29 of 3rd period - Shot Misses the Net.
14:19 of 3rd period - Minor Penalty to Mathew Dumba for Interference.
14:20 of 3rd period - Darren Reid wins face-off versus Ryan Getzlaf in Sabres zone.
14:29 of 3rd period - Slapshot by Joe Pavelski.
14:29 of 3rd period - Stopped by Robin Lehner without a rebound.
14:30 of 3rd period - Brandon Sutter wins face-off versus Ryan Getzlaf in Sabres zone.
14:39 of 3rd period - Slapshot by Victor Hedman.
14:39 of 3rd period - Goal by Victor Hedman - Capitals : 2 - Sabres : 6.
14:40 of 3rd period - Joe Thornton wins face-off versus Zack Kassian in neutral zone.
14:49 of 3rd period - Wrist shot by Jason Pominville.
14:49 of 3rd period - Shot Blocked by Zach Bogosian.
14:51 of 3rd period - Slapshot by Brent Burns.
14:51 of 3rd period - Shot Blocked by Zach Bogosian.
14:53 of 3rd period - Snap shot by Christian Ehrhoff.
14:53 of 3rd period - Shot Blocked by Ilya Kovalchuk.
14:55 of 3rd period - Slapshot by Joe Thornton.
14:55 of 3rd period - Deflect By Jason Pominville.
14:55 of 3rd period - Shot Misses the Net.
14:55 of 3rd period - Puck is out of play.
14:56 of 3rd period - Vincent Lecavalier wins face-off versus Ryan Getzlaf in Sabres zone.
14:56 of 3rd period - Vincent Lecavalier is hit by Ryan Getzlaf.
15:02 of 3rd period - Joe Pavelski is hit by Darren Reid and loses puck.
15:28 of 3rd period - Wrist shot by Andrei Loktionov.
15:28 of 3rd period - Deflect By Joe Thornton.
15:28 of 3rd period - Shot Misses the Net.
15:28 of 3rd period - Puck is out of play.
15:29 of 3rd period - Vincent Lecavalier wins face-off versus Joe Thornton in Capitals zone.
15:44 of 3rd period - Wrist shot by Joe Thornton.
15:44 of 3rd period - Shot Misses the Net.
15:54 of 3rd period - Snap shot by Zack Kassian.
15:54 of 3rd period - Stopped by Mike Smith without a rebound.
15:55 of 3rd period - Zack Kassian wins face-off versus Ryan Getzlaf in Capitals zone.
16:00 of 3rd period - Slapshot by Zack Kassian.
16:00 of 3rd period - Stopped by Mike Smith with a rebound.
16:49 of 3rd period - Snap shot by Brent Burns.
16:49 of 3rd period - Stopped by Robin Lehner with a rebound.
17:03 of 3rd period - Ilya Kovalchuk is hit by Brent Burns.
17:18 of 3rd period - Minor Penalty to Patrick Marleau for Interference.
17:19 of 3rd period - Sean Monahan wins face-off versus Jason Pominville in Capitals zone.
17:20 of 3rd period - Slapshot by Evander Kane.
17:20 of 3rd period - Goal by Evander Kane - Capitals : 2 - Sabres : 7.
17:21 of 3rd period - Vincent Lecavalier wins face-off versus Joe Thornton in neutral zone.
18:09 of 3rd period - Snap shot by Mikko Koivu.
18:09 of 3rd period - Stopped by Robin Lehner without a rebound.
18:10 of 3rd period - Vincent Lecavalier wins face-off versus Mikko Koivu in Sabres zone.
19:02 of 3rd period - Rob Scuderi is hit by Jamie Benn and loses puck.
19:09 of 3rd period - Snap shot by Ryan Getzlaf.
19:09 of 3rd period - Deflect By Sean Monahan.
19:09 of 3rd period - Stopped by Robin Lehner with a rebound.
19:11 of 3rd period - Slapshot by Victor Hedman.
19:11 of 3rd period - Goal by Victor Hedman - Capitals : 3 - Sabres : 7.
19:12 of 3rd period - Joe Thornton wins face-off versus Vincent Lecavalier in neutral zone.
19:14 of 3rd period - Off-side.
19:15 of 3rd period - Vincent Lecavalier wins face-off versus Joe Thornton in neutral zone.
19:20 of 3rd period - Joe Thornton is hit by Zach Bogosian and loses puck.
19:41 of 3rd period - Christian Ehrhoff is hit by Rob Scuderi.
19:50 of 3rd period - Off-side.
19:51 of 3rd period - Mike Cammalleri wins face-off versus Vincent Lecavalier in neutral zone.
Goals for this period are 2 for Capitals vs 4 for Sabres.
Shots for this period are 14 for Capitals vs 12 for Sabres.